 Dungeon Crawl Stone Soup version 0.31.0 (webtiles) character file.

Game seed: 17291217783749816271

23347 qw the Marksgargoyle (level 13, -7/82 HPs)
             Began as a Gargoyle Hunter on Jan 19, 2024.
             Was a High Priest of Okawaru.
             Mangled by an eight-headed hydra (9 damage)
             ... on level 4 of the Lair of Beasts.
             The game lasted 00:01:26 (10086 turns).

qw the Marksgargoyle (Gargoyle Hunter)             Turns: 10086, Time: 00:01:26

Health: -7/82      AC: 20    Str: 22    XL:     13   Next: 6%
Magic:  20/20      EV: 14    Int: 10    God:    Okawaru [*****.]
Gold:   765        SH:  5    Dex: 17    Spells: 12/12 levels left

rFire   . . .        i - +2 arbalest
rCold   . . .        (shield currently unavailable)
rNeg    + . .        q - +0 troll leather armour
rPois   inf          a - +2 helmet
rElec   +            (no cloak)
rCorr   .            p - +0 pair of gloves
SInv    .            h - +1 pair of boots
Will    .....        n - amulet of reflection
Stlth   ++           f - +6 ring of strength
HPRegen 1.13/turn    k - +4 ring of slaying {mikee}
MPRegen 0.17/turn

%: reflection
@: no status effects
A: sickness immunity, AC +9, negative energy resistance 1, electricity
resistance, torment resistance 1, petrification resistance
a: Renounce Religion, Heroism, Finesse, Duel


You were on level 4 of the Lair of Beasts.
You worshipped Okawaru.
Okawaru was extremely pleased with you.
You visited 2 branches of the dungeon, and saw 15 of its levels.

You collected 891 gold pieces.
You spent 126 gold pieces at shops.


Innate Abilities, Weirdness & Mutations

You are immune to sickness and miasma.
Your stone body is resilient. (AC +9)
You are immune to poison.
You resist negative energy. (rN+)
You are resistant to electric shocks. (rElec)
You are resistant to unholy torment.
You are immune to petrification.


   Skills:
 + Level 10.0 Fighting
 - Level 16.0 Ranged Weapons
 - Level 5.3 Armour
 - Level 5.1 Dodging
 - Level 1.1 Stealth
 - Level 10.0 Invocations


You had 12 spell levels left.
You didn't know any spells.
Your spell library was empty.

Inventory:

Hand Weapons
 i - a +2 arbalest (weapon)
Armour
 a - a +2 helmet (worn)
 h - a +1 pair of boots (worn)
 p - a +0 pair of gloves (worn)
 q - a +0 troll leather armour (worn)
Jewellery
 f - a +6 ring of strength (left hand)
 k - a +4 ring of slaying (right hand) {mikee}
 n - an amulet of reflection (around neck)
Wands
 c - a wand of charming (4)
 e - a wand of roots (3)
 l - a wand of mindburst (9)
Potions
 b - 2 potions of mutation
 d - 3 potions of curing
 g - 2 potions of enlightenment
 m - 2 potions of might
 s - 2 potions of haste

Dungeon Overview and Level Annotations

Branches:
Dungeon (11/15)            Temple (0/1) D:6            Lair (4/5) D:9
  Swamp (0/4) Lair:3       Spider (0/4) Lair:2
  Slime: Lair:4-5       Orc: D:9-12

Altars:
Nemelex Xobeh
Okawaru

Shops:
D:1 [   D:3 ?=?=(   D:7 :   D:8 (

Annotations:
D:3 2 transporters, 1 runed translucent door, Crazy Yiuf; qw's ghost, amateur GrHu
D:10 1 transporter, qw's ghost, journeyman GrHu


Message History

A nearby fungus withers and dies.
The eight-headed hydra bites you.
You block the eight-headed hydra's attack.
The eight-headed hydra bites you but does no damage. x2
The eight-headed hydra closely misses you.
The eight-headed hydra completely misses you.
The eight-headed hydra bites you!
The eight-headed hydra bites you but does no damage.
You shoot a bolt. The bolt hits the eight-headed hydra.
The eight-headed hydra is lightly wounded.
The eight-headed hydra closely misses you. x2
The eight-headed hydra barely misses you.
The eight-headed hydra completely misses you.
The eight-headed hydra bites you.
The eight-headed hydra bites you but does no damage. x3
You shoot a bolt. The bolt hits the eight-headed hydra!!
The eight-headed hydra is heavily wounded.
The eight-headed hydra barely misses you.
The eight-headed hydra bites you.
The eight-headed hydra bites you but does no damage.
The eight-headed hydra bites you.
The eight-headed hydra bites you but does no damage.
The eight-headed hydra completely misses you.
The eight-headed hydra bites you.
The eight-headed hydra bites you but does no damage.
You shoot a bolt.
The bolt barely misses the eight-headed hydra.
The eight-headed hydra bites you but does no damage.
The eight-headed hydra misses you.
The eight-headed hydra bites you but does no damage.
You block the eight-headed hydra's attack.
The eight-headed hydra bites you!
The eight-headed hydra closely misses you.
The eight-headed hydra bites you but does no damage. x2
You shoot a bolt. The bolt hits the eight-headed hydra!
The eight-headed hydra is severely wounded.
The eight-headed hydra bites you. x2; The eight-headed hydra bites you! x2
The eight-headed hydra bites you but does no damage.
You block the eight-headed hydra's attack.
The eight-headed hydra bites you!
You die...

##.........................
.....#..###...##...#..##..
#....#######.#...... .....
#..P#.#.....# #......#.....
#...........P ##...#.##....
##.#### ..# #@## .#
.......D%...... .
...............
!..............
...............
...............
...............
...###..#.#....


You could see an eight-headed hydra.

Vanquished Creatures
  2 hydras
  A boulder beetle (Lair:1)
  Pikel (D:8)
  3 elephants (Lair:4)
  Joseph (Lair:1)
  2 black mambas (Lair:3)
  7 cane toads
  3 rime drakes
  4 komodo dragons
  2 trolls (D:9)
  2 tyrant leeches (Lair:3)
  Prince Ribbit (D:5)
  A hornet (D:10)
  Grinder (D:3)
  14 blink frogs
  2 dream sheep (Lair:4)
  A shadow (D:11)
  4 wyverns
  20 yaks
  5 basilisks
  3 vampire mosquitoes (D:10)
  Menkaure (D:4)
  3 redbacks (Lair:2)
  An acid dragon (D:10)
  A swamp worm (Lair:3)
  9 water moccasins
  3 orc warriors
  A sky beast (D:7)
  2 ogres
  8 centaurs
  3 wolves (Lair:1)
  4 black bears
  2 lemures (D:8)
  Blork the orc (D:6)
  A phantom (D:6)
  2 kobold brigands
  11 bullfrogs
  2 scorpions
  7 wights
  An electric eel (Lair:1)
  5 bombardier beetles
  A howler monkey (D:7)
  2 orc priests
  A gnoll bouda (D:9)
  4 hounds
  2 iguanas
  Ijyb (D:3)
  6 orc wizards
  5 adders
  4 gnolls
  2 shadow imps (D:5)
  A white imp (D:6)
  4 ufetubi (D:5)
  2 ribbon worms
  3 dart slugs (D:2)
  11 orcs
  6 ball pythons
  6 endoplasms
  4 giant cockroaches
  4 goblins
  10 hobgoblins
  5 jackals (D:1)
  16 kobolds
  7 quokkas
  8 bats
  4 frilled lizards
  3 rats
  A butterfly (Lair:2)
271 creatures vanquished.

Vanquished Creatures (collateral kills)
  2 yaks (D:9)
  2 orcs (D:9)
4 creatures vanquished.

Vanquished Creatures (others)
  2 yaks
  A steam dragon (D:7)
  A bombardier beetle (D:5)
4 creatures vanquished.

Grand Total: 279 creatures vanquished

Notes
Turn   | Place    | Note
-------+----------+-------------------------------------------
     0 | D:1      | qw the Gargoyle Hunter began the quest for the Orb.
     0 | D:1      | Reached XP level 1. HP: 12/12 MP: 1/1
     0 | D:1      | 0 ||| qw: Version: 0.3-a-132-g3d54051
     0 | D:1      | 0 ||| qw: Game counter: 397
     0 | D:1      | 0 ||| qw: Melee chars always use a shield: true
     0 | D:1      | 0 ||| qw: God list: Okawaru
     0 | D:1      | 0 ||| qw: Allow faded altars: false
     0 | D:1      | 0 ||| qw: Do Orc after clearing Dungeon:15 true
     0 | D:1      | 0 ||| qw: Do second Lair branch before Depths: true
     0 | D:1      | 0 ||| qw: Lair rune preference: random
     0 | D:1      | 0 ||| qw: Goals: Normal
     0 | D:1      | 0 ||| PLANNING D:1-11
    60 | D:1      | 60 ||| SWAPPING to +0 orcbow.
    75 | D:1      | Reached XP level 2. HP: 15/17 MP: 2/2
    82 | D:1      | 82 ||| DROPPING +0 shortbow.
   230 | D:1      | Found Hideo's Antique Armour Shop.
   234 | D:1      | 234 ||| RETREEEEATING.
   235 | D:1      | 235 ||| RETREEEEATING.
   257 | D:1      | 257 ||| SHOPLISTING pair of boots (85 gold, have 32).
   310 | D:1      | Reached skill level 5 in Ranged Weapons
   310 | D:1      | Reached XP level 3. HP: 21/21 MP: 3/3
   536 | D:1      | 536 ||| UPGRADING to +0 ring mail.
   546 | D:1      | 546 ||| DROPPING +0 leather armour.
   547 | D:1      | 547 ||| READING scroll labelled XEUDUM DUNKUSEM.
   548 | D:1      | 548 ||| DROPPING scroll of butterflies.
   645 | D:2      | Reached skill level 1 in Armour
   716 | D:2      | 716 ||| RETREEEEATING.
   717 | D:2      | 717 ||| RETREEEEATING.
   720 | D:2      | Reached XP level 4. HP: 27/27 MP: 4/4
   725 | D:2      | Reached skill level 3 in Fighting
  1187 | D:2      | 1187 ||| FLEEEEING.
  1240 | D:2      | 1240 ||| UPGRADING to amulet of reflection.
  1245 | D:2      | 1245 ||| READING scroll labelled HOZUN SANT.
  1245 | D:2      | 1245 ||| IDENTIFYING lumpy orange potion
  1246 | D:2      | 1246 ||| READING scroll labelled WENIAPL MUCW.
  1247 | D:2      | 1247 ||| READING scroll labelled LYRERGHU YKHLEH.
  1247 | D:2      | 1247 ||| ENCHANTING +0 ring mail.
  1248 | D:2      | 1248 ||| READING 2 scrolls labelled FEUQ FEG APP.
  1349 | D:2      | 1349 ||| READING scroll labelled BECVAKL LAKUT.
  1350 | D:2      | 1350 ||| DROPPING potion of magic.
  1351 | D:2      | 1351 ||| DROPPING scroll of vulnerability.
  1381 | D:3      | 1381 ||| STAIRDANCE
  1392 | D:3      | 1392 ||| STAIRDANCE
  1399 | D:2      | 1399 ||| FLEEEEING.
  1441 | D:3      | Noticed Grinder
  1442 | D:3      | Paralysed by Grinder for 2 turns
  1449 | D:3      | Paralysed by Grinder for 2 turns
  1454 | D:3      | 1454 ||| FLEEEEING.
  1455 | D:3      | 1455 ||| FLEEEEING.
  1468 | D:3      | 1468 ||| FLEEEEING.
  1469 | D:3      | 1469 ||| FLEEEEING.
  1470 | D:3      | 1470 ||| FLEEEEING.
  1471 | D:3      | 1471 ||| FLEEEEING.
  1475 | D:3      | 1475 ||| STAIRDANCE
  1502 | D:3      | Paralysed by Grinder for 5 turns
  1517 | D:3      | 1517 ||| FLEEEEING.
  1518 | D:3      | Killed Grinder
  1519 | D:3      | Reached skill level 7 in Ranged Weapons
  1519 | D:3      | Reached XP level 5. HP: 15/32 MP: 5/5
  1519 | D:3      | Reached XP level 6. HP: 18/37 MP: 6/6
  1521 | D:3      | 1521 ||| STAIRDANCE
  1632 | D:3      | Found Habiom's Magic Scroll Emporium.
  1639 | D:3      | 1639 ||| BUYING scroll of enchant armour (82 gold).
  1639 | D:3      | Bought a scroll of enchant armour for 82 gold pieces
  1639 | D:3      | 1639 ||| SHOPLISTING scroll of enchant weapon (82 gold,
                  | have 38).
  1639 | D:3      | 1639 ||| BUYING scroll of identify (22 gold).
  1639 | D:3      | Bought a scroll of identify for 22 gold pieces
  1639 | D:3      | 1639 ||| SHOPLISTING scroll of identify (22 gold, have 16).
  1664 | D:3      | Found Orurir's Jewellery Shoppe.
  1667 | D:3      | 1667 ||| SHOPLISTING ring "Doodast" {Ice MP+9 Dex+3} (743
                  | gold, have 27).
  1667 | D:3      | 1667 ||| SHOPLISTING ring "Koll" {Will+ rCorr MP+9 Str+8
                  | Int-3} (633 gold, have 27).
  1667 | D:3      | 1667 ||| SHOPLISTING ring of protection from cold (325
                  | gold, have 27).
  1667 | D:3      | 1667 ||| SHOPLISTING ring of resist corrosion (260 gold,
                  | have 27).
  1776 | D:3      | 1776 ||| FLEEEEING.
  1841 | D:3      | Found Hithoeve's Magic Scroll Emporium.
  1844 | D:3      | 1844 ||| SHOPLISTING 3 scrolls of teleportation (99 gold,
                  | have 41).
  1844 | D:3      | 1844 ||| BUYING scroll of identify (22 gold).
  1844 | D:3      | Bought a scroll of identify for 22 gold pieces
  1844 | D:3      | 1844 ||| SHOPLISTING scroll of teleportation (33 gold, have
                  | 19).
  1939 | D:3      | Noticed qw's ghost (amateur GrHu)
  1943 | D:3      | Found a transporter.
  2002 | D:3      | Noticed Ijyb
  2007 | D:3      | 2007 ||| DRINKING smoky white potion.
  2008 | D:3      | 2008 ||| DRINKING clear potion.
  2009 | D:3      | 2009 ||| DRINKING blue potion.
  2025 | D:3      | Killed Ijyb
  2033 | D:3      | Found a runed translucent door.
  2034 | D:3      | Noticed Crazy Yiuf
  2072 | D:3      | Found Tyrawan's Jewellery Boutique.
  2077 | D:3      | 2077 ||| SHOPLISTING +4 ring of protection (396 gold, have
                  | 19).
  2077 | D:3      | 2077 ||| SHOPLISTING amulet of faith (440 gold, have 19).
  2077 | D:3      | 2077 ||| SHOPLISTING ring of protection from cold (275
                  | gold, have 19).
  2077 | D:3      | 2077 ||| SHOPLISTING ring of resist corrosion (220 gold,
                  | have 19).
  2100 | D:3      | Found a transporter.
  2204 | D:3      | Found Nilahoh's Antique Weapon Shoppe.
  2426 | D:3      | 2426 ||| READING 2 scrolls of identify.
  2426 | D:3      | 2426 ||| IDENTIFYING bubbling inky potion
  2427 | D:3      | 2427 ||| READING scroll of identify.
  2427 | D:3      | 2427 ||| IDENTIFYING yellow potion
  2428 | D:3      | 2428 ||| READING scroll labelled VAORYSEZEZE.
  2429 | D:3      | 2429 ||| READING scroll labelled JUOD VEUTRARR.
  2429 | D:3      | 2429 ||| BRANDING +0 orcbow.
  2430 | D:3      | 2430 ||| DRINKING 3 black potions.
  2431 | D:3      | 2431 ||| DROPPING potion of berserk rage.
  2432 | D:3      | 2432 ||| DROPPING 2 potions of brilliance.
  2648 | D:4      | Noticed Menkaure
  2660 | D:4      | Killed Menkaure
  2661 | D:4      | Reached XP level 7. HP: 43/43 MP: 7/7
  2883 | D:4      | Found an iron altar of Okawaru.
  2884 | D:4      | 2884 ||| PLANNING OKAWARU WORSHIP
  2892 | D:4      | Reached skill level 8 in Ranged Weapons
  2894 | D:4      | Became a worshipper of Warmaster Okawaru
  2895 | D:4      | 2895 ||| PLANNING D:1-11
  2931 | D:5      | Entered Level 5 of the Dungeon
  2955 | D:5      | 2955 ||| FLEEEEING.
  2956 | D:5      | 2956 ||| FLEEEEING.
  2957 | D:5      | 2957 ||| FLEEEEING.
  2958 | D:5      | 2958 ||| FLEEEEING.
  2959 | D:5      | 2959 ||| FLEEEEING.
  2960 | D:5      | 2960 ||| FLEEEEING.
  2961 | D:5      | 2961 ||| FLEEEEING.
  2970 | D:5      | 2970 ||| STAIRDANCE
  3026 | D:4      | 3026 ||| UPGRADING to +6 ring of strength.
  3099 | D:5      | 3099 ||| FLEEEEING.
  3117 | D:5      | 3117 ||| FLEEEEING.
  3122 | D:5      | 3122 ||| STAIRDANCE
  3191 | D:5      | Reached XP level 8. HP: 49/49 MP: 8/8
  3257 | D:5      | Noticed Prince Ribbit
  3282 | D:5      | Killed Prince Ribbit
  3282 | D:5      | Reached * piety under Okawaru
  3283 | D:5      | Reached skill level 9 in Ranged Weapons
  3283 | D:5      | 3283 ||| FLEEEEING.
  3353 | D:5      | Found a sparkling altar of Nemelex Xobeh.
  3601 | D:5      | 3601 ||| INVOKING Heroism.
  3613 | D:5      | 3613 ||| INVOKING Heroism.
  3773 | D:5      | 3773 ||| UPGRADING to +0 pair of boots.
  3778 | D:5      | 3778 ||| READING scroll of enchant armour.
  3778 | D:5      | 3778 ||| ENCHANTING +0 pair of boots.
  3779 | D:5      | 3779 ||| READING 2 scrolls of identify.
  3779 | D:5      | 3779 ||| IDENTIFYING bubbling silvery potion
  3780 | D:5      | 3780 ||| DROPPING potion of attraction.
  3803 | D:6      | 3803 ||| STAIRDANCE
  3820 | D:6      | 3820 ||| STAIRDANCE
  3822 | D:5      | 3822 ||| FLEEEEING.
  3937 | D:6      | 3937 ||| RETREEEEATING.
  3938 | D:6      | 3938 ||| INVOKING Heroism.
  3941 | D:6      | Reached skill level 6 in Fighting
  3983 | D:6      | 3983 ||| INVOKING Heroism.
  4144 | D:6      | Reached skill level 1 in Invocations
  4144 | D:6      | 4144 ||| FLEEEEING.
  4151 | D:6      | 4151 ||| STAIRDANCE
  4205 | D:5      | 4205 ||| READING scroll of identify.
  4205 | D:5      | 4205 ||| IDENTIFYING ruby potion
  4223 | D:6      | Found a staircase to the Ecumenical Temple.
  4228 | D:6      | 4228 ||| FLEEEEING.
  4247 | D:6      | Reached skill level 10 in Ranged Weapons
  4252 | D:6      | Reached XP level 9. HP: 48/56 MP: 10/10
  4341 | D:6      | Noticed Blork the orc
  4353 | D:6      | 4353 ||| INVOKING Heroism.
  4361 | D:6      | HP: 12/56 [Blork the orc/+0 glaive of venom (9)]
  4362 | D:6      | 4362 ||| DRINKING potion of heal wounds.
  4364 | D:6      | Killed Blork the orc
  4662 | D:6      | 4662 ||| READING 4 scrolls of identify.
  4662 | D:6      | 4662 ||| IDENTIFYING white potion
  4755 | D:7      | 4755 ||| INVOKING Heroism.
  4794 | D:7      | Reached skill level 3 in Invocations
  4810 | D:7      | 4810 ||| Stepping ~*~*~tactically~*~*~ (cloud).
  4823 | D:7      | Reached skill level 3 in Dodging
  4825 | D:7      | 4825 ||| FLEEEEING.
  4911 | D:7      | 4911 ||| FLEEEEING.
  4915 | D:7      | 4915 ||| STAIRDANCE
  4921 | D:6      | 4921 ||| STAIRDANCE
  4982 | D:7      | 4982 ||| FLEEEEING.
  5172 | D:7      | 5172 ||| FLEEEEING.
  5297 | D:7      | 5297 ||| INVOKING Heroism.
  5336 | D:7      | Found Dimaicoh's Book Shoppe.
  5339 | D:7      | 5339 ||| INVOKING Heroism.
  5382 | D:7      | 5382 ||| FLEEEEING.
  5386 | D:7      | 5386 ||| STAIRDANCE
  5435 | D:6      | 5435 ||| UPGRADING to +0 steam dragon scales.
  5445 | D:6      | 5445 ||| DROPPING +1 ring mail.
  5446 | D:6      | 5446 ||| READING 4 scrolls of identify.
  5446 | D:6      | 5446 ||| IDENTIFYING scroll labelled LOEPIPS RYHI
  5591 | D:7      | 5591 ||| UPGRADING to +2 helmet.
  5662 | D:8      | Noticed Pikel
  5664 | D:8      | 5664 ||| RETREEEEATING.
  5675 | D:8      | 5675 ||| INVOKING Heroism.
  5683 | D:8      | Killed Pikel
  5683 | D:8      | Reached ** piety under Okawaru
  5748 | D:8      | You fall into a shaft and drop 3 floors!
  5752 | D:11     | 5752 ||| INVOKING Heroism.
  5758 | D:11     | Reached skill level 11 in Ranged Weapons
  5758 | D:11     | Reached XP level 10. HP: 63/63 MP: 10/13
  5793 | D:11     | 5793 ||| INVOKING Heroism.
  5812 | D:11     | Reached *** piety under Okawaru
  5833 | D:11     | HP: 12/64 [something (15)]
  5834 | D:11     | 5834 ||| READING scroll of teleportation.
  6021 | D:11     | 6021 ||| UPGRADING to +4 ring of slaying {mikee}.
  6022 | D:11     | 6022 ||| READING 3 scrolls of identify.
  6022 | D:11     | 6022 ||| IDENTIFYING dark potion
  6023 | D:11     | 6023 ||| DROPPING potion of lignification.
  6032 | D:10     | Entered Level 10 of the Dungeon
  6032 | D:10     | Noticed a two-headed ogre
  6032 | D:10     | Noticed qw's ghost (journeyman GrHu)
  6032 | D:10     | Noticed a two-headed ogre
  6032 | D:10     | Found a transporter.
  6035 | D:10     | Identified the +1 giant spiked club "Olah" {venom, Str-2
                  | Int+4}
  6035 | D:10     | Identified the +1 great mace of the Turnip {freeze, rF+
                  | Int+2}
  6035 | D:10     | Noticed a two-headed ogre
  6036 | D:10     | Noticed a two-headed ogre
  6038 | D:10     | Reached skill level 12 in Ranged Weapons
  6639 | D:8      | Found Vojememn's Antique Weapon Boutique.
  6731 | D:8      | 6731 ||| UPGRADING to +0 pair of gloves.
  6736 | D:8      | 6736 ||| DROPPING ring of positive energy.
  6737 | D:8      | 6737 ||| READING 2 scrolls of identify.
  6737 | D:8      | 6737 ||| IDENTIFYING grey potion
  6738 | D:8      | 6738 ||| READING scroll of identify.
  6738 | D:8      | 6738 ||| IDENTIFYING scroll labelled DATIAR QEULEIZ
  6739 | D:8      | 6739 ||| READING scroll of enchant weapon.
  6739 | D:8      | 6739 ||| ENCHANTING +0 orcbow of chaos.
  6826 | D:9      | 6826 ||| RETREEEEATING.
  6827 | D:9      | 6827 ||| RETREEEEATING.
  6828 | D:9      | 6828 ||| RETREEEEATING.
  6829 | D:9      | 6829 ||| RETREEEEATING.
  6834 | D:9      | Reached **** piety under Okawaru
  6842 | D:9      | 6842 ||| INVOKING Finesse.
  6849 | D:9      | 6849 ||| FLEEEEING.
  6850 | D:9      | 6850 ||| FLEEEEING.
  6851 | D:9      | 6851 ||| FLEEEEING.
  6852 | D:9      | 6852 ||| FLEEEEING.
  6853 | D:9      | 6853 ||| FLEEEEING.
  6854 | D:9      | 6854 ||| FLEEEEING.
  6855 | D:9      | 6855 ||| FLEEEEING.
  6856 | D:9      | 6856 ||| FLEEEEING.
  6857 | D:9      | 6857 ||| FLEEEEING.
  6858 | D:9      | 6858 ||| FLEEEEING.
  6859 | D:9      | 6859 ||| FLEEEEING.
  6860 | D:9      | 6860 ||| FLEEEEING.
  6861 | D:9      | 6861 ||| FLEEEEING.
  6862 | D:9      | 6862 ||| FLEEEEING.
  6863 | D:9      | 6863 ||| FLEEEEING.
  6864 | D:9      | 6864 ||| FLEEEEING.
  6867 | D:9      | 6867 ||| FLEEEEING.
  6868 | D:9      | 6868 ||| STAIRDANCE
  6873 | D:8      | 6873 ||| STAIRDANCE
  6921 | D:9      | 6921 ||| STAIRDANCE
  6924 | D:8      | 6924 ||| RETREEEEATING.
  6925 | D:8      | 6925 ||| RETREEEEATING.
  6926 | D:8      | 6926 ||| RETREEEEATING.
  6927 | D:8      | 6927 ||| INVOKING Finesse.
  6975 | D:9      | Reached skill level 13 in Ranged Weapons
  6975 | D:9      | Reached XP level 11. HP: 68/68 MP: 14/14
  6983 | D:9      | 6983 ||| RETREEEEATING.
  6985 | D:9      | 6985 ||| RETREEEEATING.
  6987 | D:9      | 6987 ||| RETREEEEATING.
  6989 | D:9      | 6989 ||| RETREEEEATING.
  6996 | D:9      | 6996 ||| FLEEEEING.
  6997 | D:9      | 6997 ||| FLEEEEING.
  6998 | D:9      | 6998 ||| STAIRDANCE
  7003 | D:8      | 7003 ||| STAIRDANCE
  7032 | D:9      | 7032 ||| STAIRDANCE
  7035 | D:8      | 7035 ||| INVOKING Finesse.
  7078 | D:9      | 7078 ||| STAIRDANCE
  7092 | D:9      | 7092 ||| STAIRDANCE
  7151 | D:9      | 7151 ||| FLEEEEING.
  7190 | D:9      | Reached skill level 9 in Fighting
  7275 | D:9      | Found a staircase to the Lair.
  7280 | D:9      | 7280 ||| UPGRADING to +0 troll leather armour.
  7283 | D:9      | Reached skill level 6 in Invocations
  7295 | D:9      | 7295 ||| DROPPING +0 steam dragon scales.
  7398 | D:9      | 7398 ||| SWAPPING to +0 arbalest.
  7399 | D:9      | 7399 ||| DROPPING +1 orcbow of chaos.
  7530 | D:9      | 7530 ||| PLANNING LAIR
  7530 | D:9      | 7530 ||| READING scroll labelled SAUHEO DYDWUMISS.
  7571 | Lair:1   | Entered Level 1 of the Lair of Beasts
  7574 | Lair:1   | 7574 ||| STAIRDANCE
  7577 | D:9      | HP: 14/71 [komodo dragon (19)]
  7578 | D:9      | 7578 ||| READING scroll of teleportation.
  7579 | D:9      | 7579 ||| DRINKING potion of heal wounds.
  7582 | D:9      | 7582 ||| FLEEEEING.
  7665 | D:9      | 7665 ||| FLEEEEING.
  7714 | Lair:1   | Reached ***** piety under Okawaru
  7719 | Lair:1   | 7719 ||| RETREEEEATING.
  7726 | Lair:1   | 7726 ||| RETREEEEATING.
  7727 | Lair:1   | 7727 ||| RETREEEEATING.
  7848 | Lair:1   | Noticed Joseph
  7853 | Lair:1   | 7853 ||| FLEEEEING.
  7854 | Lair:1   | 7854 ||| FLEEEEING.
  7860 | Lair:1   | 7860 ||| FLEEEEING.
  7861 | Lair:1   | 7861 ||| FLEEEEING.
  7862 | Lair:1   | 7862 ||| FLEEEEING.
  7863 | Lair:1   | 7863 ||| FLEEEEING.
  7864 | Lair:1   | 7864 ||| FLEEEEING.
  7865 | Lair:1   | 7865 ||| FLEEEEING.
  7866 | Lair:1   | 7866 ||| FLEEEEING.
  7867 | Lair:1   | 7867 ||| FLEEEEING.
  7869 | Lair:1   | Killed Joseph
  7951 | Lair:1   | Noticed a boulder beetle
  7952 | Lair:1   | 7952 ||| INVOKING Finesse.
  7961 | Lair:1   | Killed a boulder beetle
  7961 | Lair:1   | Received a gift from Okawaru
  7962 | Lair:1   | Reached skill level 14 in Ranged Weapons
  8072 | Lair:1   | 8072 ||| RETREEEEATING.
  8073 | Lair:1   | 8073 ||| RETREEEEATING.
  8074 | Lair:1   | 8074 ||| RETREEEEATING.
  8075 | Lair:1   | 8075 ||| RETREEEEATING.
  8076 | Lair:1   | 8076 ||| RETREEEEATING.
  8079 | Lair:1   | 8079 ||| RETREEEEATING.
  8080 | Lair:1   | 8080 ||| RETREEEEATING.
  8082 | Lair:1   | 8082 ||| RETREEEEATING.
  8094 | Lair:1   | Reached XP level 12. HP: 61/76 MP: 18/18
  8094 | Lair:1   | 8094 ||| FLEEEEING.
  8123 | Lair:1   | Reached skill level 9 in Invocations
  8148 | Lair:1   | 8148 ||| READING 2 scrolls of identify.
  8148 | Lair:1   | 8148 ||| IDENTIFYING glowing black potion
  8197 | Lair:1   | 8197 ||| FLEEEEING.
  8258 | Lair:1   | 8258 ||| DROPPING +1 leather armour of positive energy.
  8259 | Lair:1   | 8259 ||| DROPPING ring of resist corrosion.
  8260 | Lair:1   | 8260 ||| DROPPING potion of degeneration.
  8306 | Lair:2   | 8306 ||| RETREEEEATING.
  8309 | Lair:2   | 8309 ||| RETREEEEATING.
  8310 | Lair:2   | 8310 ||| RETREEEEATING.
  8312 | Lair:2   | 8312 ||| RETREEEEATING.
  8313 | Lair:2   | 8313 ||| RETREEEEATING.
  8314 | Lair:2   | 8314 ||| RETREEEEATING.
  8315 | Lair:2   | 8315 ||| RETREEEEATING.
  8316 | Lair:2   | 8316 ||| RETREEEEATING.
  8319 | Lair:2   | 8319 ||| RETREEEEATING.
  8320 | Lair:2   | 8320 ||| INVOKING Finesse.
  8451 | Lair:2   | Found a hole to the Spider Nest.
  8499 | Lair:2   | 8499 ||| FLEEEEING.
  8613 | Lair:2   | Received a gift from Okawaru
  8614 | Lair:2   | 8614 ||| FLEEEEING.
  8737 | Lair:2   | Noticed a five-headed hydra
  8738 | Lair:2   | 8738 ||| INVOKING Finesse.
  8746 | Lair:2   | Killed a five-headed hydra
  8785 | Lair:2   | 8785 ||| RETREEEEATING.
  8786 | Lair:2   | 8786 ||| RETREEEEATING.
  8787 | Lair:2   | 8787 ||| RETREEEEATING.
  8788 | Lair:2   | 8788 ||| RETREEEEATING.
  8789 | Lair:2   | 8789 ||| INVOKING Finesse.
  8928 | Lair:2   | Reached skill level 15 in Ranged Weapons
  9383 | Lair:2   | 9383 ||| READING 3 scrolls of identify.
  9383 | Lair:2   | 9383 ||| IDENTIFYING 2 murky black potions
  9384 | Lair:2   | 9384 ||| READING 2 scrolls of identify.
  9384 | Lair:2   | 9384 ||| IDENTIFYING scroll labelled XABYMM RUG GIS
  9385 | Lair:2   | 9385 ||| READING scroll of identify.
  9385 | Lair:2   | 9385 ||| IDENTIFYING scroll labelled EPIMPEC WUON
  9386 | Lair:2   | 9386 ||| DROPPING 2 potions of ambrosia.
  9387 | Lair:2   | 9387 ||| DROPPING scroll of poison.
  9388 | Lair:2   | 9388 ||| DROPPING scroll of fog.
  9469 | Lair:3   | 9469 ||| RETREEEEATING.
  9470 | Lair:3   | 9470 ||| RETREEEEATING.
  9472 | Lair:3   | 9472 ||| RETREEEEATING.
  9473 | Lair:3   | 9473 ||| RETREEEEATING.
  9474 | Lair:3   | 9474 ||| RETREEEEATING.
  9475 | Lair:3   | 9475 ||| RETREEEEATING.
  9476 | Lair:3   | 9476 ||| RETREEEEATING.
  9477 | Lair:3   | 9477 ||| RETREEEEATING.
  9484 | Lair:3   | 9484 ||| RETREEEEATING.
  9485 | Lair:3   | 9485 ||| RETREEEEATING.
  9486 | Lair:3   | 9486 ||| RETREEEEATING.
  9487 | Lair:3   | 9487 ||| RETREEEEATING.
  9488 | Lair:3   | 9488 ||| RETREEEEATING.
  9496 | Lair:3   | Received a gift from Okawaru
  9498 | Lair:3   | HP: 11/77 [tyrant leech (18)]
  9499 | Lair:3   | 9499 ||| READING scroll of teleportation.
  9499 | Lair:3   | HP: 2/77 [tyrant leech (10)]
  9500 | Lair:3   | 9500 ||| DRINKING potion of heal wounds.
  9508 | Lair:3   | HP: 12/77 [swamp worm/harpoon shot (1)]
  9510 | Lair:3   | HP: 5/77 [swamp worm (10)]
  9513 | Lair:3   | 9513 ||| FLEEEEING.
  9517 | Lair:3   | 9517 ||| STAIRDANCE
  9603 | Lair:3   | Found a staircase to the Swamp.
  9694 | Lair:3   | 9694 ||| READING scroll of enchant weapon.
  9694 | Lair:3   | 9694 ||| ENCHANTING +0 arbalest.
  9711 | Lair:3   | 9711 ||| READING scroll of enchant weapon.
  9711 | Lair:3   | 9711 ||| ENCHANTING +1 arbalest.
  9920 | Lair:4   | Noticed a seven-headed hydra
  9921 | Lair:4   | 9921 ||| INVOKING Finesse.
  9929 | Lair:4   | Killed a seven-headed hydra
 10068 | Lair:4   | Reached XP level 13. HP: 82/82 MP: 20/20
 10080 | Lair:4   | Reached skill level 16 in Ranged Weapons
 10086 | Lair:4   | HP: 13/82 [eight-headed hydra (13)]
 10086 | Lair:4   | HP: 2/82 [eight-headed hydra (11)]
 10086 | Lair:4   | Mangled by an eight-headed hydra

Levels and vault maps discovered:
D:1:      doesnt_arrival_eight_statues, layout_basic, serial_shops, shop,
          patterned_corridor
D:2:      layout_basic
D:3:      layout_loops_ring, gammafunk_ghost_stat_death, serial_shops,
          nicolae_shop_rolled_up, nicolae_shop_just_a_little_nook,
          shop_fountains, nicolae_shop_behind_doors, shop,
          uniq_crazy_yiuf_cottage, uniq_grinder, uniq_ijyb
D:4:      layout_rooms, okawaru_gym_becter, uniq_menkaure
D:5:      layout_loops_ring, mainiacjoe_overflow_chevrons, uniq_prince_ribbit1
D:6:      layout_basic, minmay_temple_entry_mist, uniq_blork_the_orc
D:7:      layout_basic, serial_shops, nicolae_stop_n_shop_1, sigmund_army
D:8:      layout_loops_ring, serial_shops, nicolae_shop_dealshenge, uniq_pikel
D:9:      layout_basic, minmay_lair_entry_grove
D:10:     cheibrodos_histonic, layout_loops_ring, gammafunk_ghost_smash,
          uniq_lodul
D:11:     layout_small_grid, amcnicky_mini_corridor_feature, uniq_amaemon
Lair:1:   layout_big_grid, serial_bayou_shore_a, uniq_joseph
Lair:2:   wander_river, layout_cellular_growth, spider_nest_entry_webs,
          lemuel_fruit_tree, lemuel_fruit_fields
Lair:3:   layout_misc_corridors, minmay_swamp_entry_worms
Lair:4:   layout_regular_city, slime_entry_1

Skill      XL: |  1  2  3  4  5  6  7  8  9 10 11 12 13 |
---------------+----------------------------------------+-----
Ranged Weapons | 5 7 8 10 11 13 14 15 16 | 16.0
Armour         | 1 2 5 |  5.3
Fighting       | 3 4 5 6 7 8 9 10 | 10.0
Dodging        | 2 3 4 5 |  5.1
Invocations    | 2 4 8 10 | 10.0
Stealth        | |  1.1

Action                     |  1- 3 |  4- 6 |  7- 9 | 10-12 | 13-15 || total
---------------------------+-------+-------+-------+-------+-------++-------
   Fire: Orcbow            |    70 |   169 |   316 |   238 |       ||   793
         Shortbow          |    13 |       |       |       |       ||    13
         Arbalest          |       |       |       |   365 |    19 ||   384
 Invoke: Heroism           |       |       |    10 |     1 |       ||    11
         Finesse           |       |       |       |     7 |       ||     7
    Use: Scroll            |     1 |     9 |     5 |    14 |       ||    29
         Potion            |       |     4 |     1 |     2 |       ||     7
 Armour: Leather armour    |    31 |       |       |       |       ||    31
         Ring mail         |     2 |    46 |   152 |       |       ||   200
         Steam dragon scal |       |       |     7 |   112 |       ||   119
         Troll leather arm |       |       |       |   164 |    40 ||   204
  Dodge: Dodged            |    35 |    66 |   127 |   249 |    18 ||   495
  Block: Other             |       |     9 |    38 |    91 |     7 ||   145
         Reflection        |       |     1 |     2 |     6 |       ||     9

Table legend:
 A = Non-vault XP
 B = Vault XP
 C = Vault XP percentage of total XP
 D = Non-vault monster count
 E = Vault monster count
 F = Vault count percentage of total count
                 A         B        C        D         E       F
            +---------+---------+-------+---------+---------+-------
      Total |   28386 |    4967 |  14.9 |     246 |      29 |  10.5
            +---------+---------+-------+---------+---------+-------
        D:1 |      50 |       0 |   0.0 |      23 |       0 |   0.0
        D:2 |      97 |       0 |   0.0 |      25 |       0 |   0.0
        D:3 |      76 |     308 |  80.2 |      15 |       2 |  11.8
        D:4 |     152 |     175 |  53.5 |      14 |       1 |   6.7
        D:5 |     548 |     283 |  34.1 |      14 |       1 |   6.7
        D:6 |     784 |     100 |  11.3 |      12 |       1 |   7.7
        D:7 |    1278 |      12 |   0.9 |      15 |       6 |  28.6
        D:8 |    1302 |     663 |  33.7 |      14 |       1 |   6.7
        D:9 |    2996 |    1715 |  36.4 |      26 |      10 |  27.8
       D:10 |    1223 |       0 |   0.0 |       8 |       0 |   0.0
       D:11 |    1988 |       0 |   0.0 |      15 |       0 |   0.0
     Lair:1 |    6704 |     430 |   6.0 |      28 |       1 |   3.4
     Lair:2 |    5852 |     543 |   8.5 |      22 |       3 |  12.0
     Lair:3 |    2550 |     738 |  22.4 |       9 |       3 |  25.0
     Lair:4 |    2786 |       0 |   0.0 |       6 |       0 |   0.0
            +---------+---------+-------+---------+---------+-------
